 Dungeon Crawl Stone Soup version 0.21.1-1-g345015fe64 (webtiles) character file.

10136 Knicklaso the Fighter (level 11, -5/107 HPs)
             Began as a Hill Orc Monk on Apr 18, 2018.
             Was a High Priest of Qazlal.
             Slain by an orc warrior
             ... wielding a +0 battleaxe
              (21 damage)
             ... on level 10 of the Dungeon.
             The game lasted 00:35:01 (10762 turns).

Knicklaso the Fighter (Hill Orc Monk)              Turns: 10762, Time: 00:35:02

Health: -5/107     AC: 11    Str: 18    XL:     11   Next: 57%
Magic:  16/18      EV: 12    Int: 13    God:    Qazlal [*****.]
Gold:   529        SH:  7    Dex: 13    Spells: 10/10 levels left

rFire    . . .     SeeInvis .   u - +2 whip (elec)
rCold    . . .     Gourm    .   (no shield)
rNeg     . . .     Faith    .   G - +1 leather armour {MR+}
rPois    .         Spirit   .   N - +0 hat {Int+3}
rElec    .         Reflect  .   g - +1 cloak
rCorr    .         Harm     .   n - +0 pair of gloves
MR       +....                  M - +2 pair of boots
Stlth    +.........             a - amulet of rage
HPRegen  0.27/turn              (no ring)
MPRegen  0.16/turn              (no ring)

@: slowed, drained, repel missiles, very slow
A: no striking features
a: Upheaval, Elemental Force, Disaster Area, Renounce Religion, Evoke Berserk
Rage


You were on level 10 of the Dungeon.
You worshipped Qazlal.
Qazlal was extremely pleased with you.
You were not hungry.

You visited 1 branch of the dungeon, and saw 10 of its levels.
You also visited: Sewer and Bailey.

You collected 529 gold pieces.

Inventory:

Hand Weapons
 i - the +7 spear of Oozing Pus {pain, MR- Str+8 Dex+4}
   (You found it on level 8 of the Dungeon)

   In the hands of one skilled in necromantic magic, it inflicts extra damage on
   living creatures.
   It affects your strength (+8).
   It affects your dexterity (+4).
   It affects your resistance to hostile enchantments.
 u - a +2 whip of electrocution (weapon)
Missiles
 e - 283 stones
 q - 6 javelins (quivered)
Armour
 g - a +1 cloak (worn)
 k - a cursed +0 plate armour
 n - a +0 pair of gloves (worn)
 r - the +0 leather armour "Pilyt" {rN+ Slay+2 Stlth-}
   (You found it on level 4 of the Dungeon)

   It affects your accuracy and damage with ranged weapons and melee attacks
   (+2).
   It protects you from negative energy.
   It makes you less stealthy.
 v - a +0 helmet
 x - the cursed +1 ring mail "Maumih" {rElec rF+ rN+}
   (You took it off a gnoll sergeant in a bailey)

   It protects you from fire.
   It insulates you from electricity.
   It protects you from negative energy.
   It has a curse placed upon it.
 G - a +1 leather armour of magic resistance (worn)
 J - a +2 large shield
 M - a +2 pair of boots (worn)
 N - a +0 hat of intelligence (worn)
Jewellery
 a - an amulet of rage (around neck)
Wands
 w - a wand of clouds (6)
 B - a wand of flame (40)
 H - a wand of scattershot (7)
 L - a wand of enslavement (1)
Scrolls
 b - 4 scrolls of remove curse
 d - a scroll of enchant weapon
 f - 6 scrolls of teleportation
 h - 2 scrolls of fear
 j - 2 scrolls of enchant armour
 l - 7 scrolls of identify
 p - a scroll of blinking {unknown}
 t - 4 scrolls of fog
 y - 3 scrolls of magic mapping
Potions
 m - a potion of lignification {unknown}
 o - 2 potions of brilliance
 z - a potion of agility {unknown}
 A - 3 potions of magic
 C - 5 potions of haste
 F - a potion of ambrosia {unknown}
 K - 2 potions of flight {unknown}
 O - a potion of degeneration {unknown}
 Q - 2 potions of resistance {unknown}
Books
 I - a book of Changes

   Spells                             Type                      Level
   a - Beastly Appendage              Transmutation                1
   b - Sticks to Snakes               Transmutation                2
   c - Spider Form                    Transmutation/Poison         3
   d - Ice Form                       Ice/Transmutation            4
   e - Blade Hands                    Transmutation                5
Miscellaneous
 s - a sack of spiders
Comestibles
 c - 25 rations


   Skills:
 - Level 13.4(12.6) Fighting
   Level 13.0(12.3) Axes
 + Level 5.9(5.3) Armour
 + Level 2.9(2.4) Dodging
 - Level 1.5(1.0) Stealth
 * Level 10.2(9.5) Invocations


You had 10 spell levels left.
You didn't know any spells.

Dungeon Overview and Level Annotations

Branches:
Dungeon (10/15)            Temple (0/1) D:7            Lair (0/6) D:9
    Orc: D:9-12

Altars:
Cheibriados
Dithmenos
Fedhas
Hepliaklqana
Kikubaaqudgha
Qazlal
Ru
Trog
Uskayaw
Vehumet
Xom
Yredelemnul
Zin

Shops:
D:6 *   D:7 =

Annotations:
D:5 exclusion: oklob plant


Message History

The wraith drains your vigour!
You feel as though you will be slow longer.
You hit the wraith.
The wraith is severely damaged.
You hear a shout! x3
The wraith completely misses you.
You hit the wraith but do no damage. Lightning courses through the wraith!
You destroy the wraith!
Qazlal accepts your kill.
You hear a shout!
An orc comes into view.
An orc warrior comes into view. It is wielding a battleaxe.
You hear an angry buzzing noise. x3; You hear a shout!
You hear an angry buzzing noise.
You hear a shout! x4
An orc comes into view. It is wielding a war axe.
There is a stone staircase leading up here.
You hear an angry buzzing noise.
The orc misses you.
The orc warrior hits you with a battleaxe!!
You die...

.. ########.. .........
...... #.... #.)#
..###########..########
......oo.§......(......
#...o.§@§§.............
#..##########..########
#..# #..# #... .....
#######


You could see an orc warrior and 2 orcs.

Vanquished Creatures
  Gastronok (D:8)
  Psyche (D:8)
  The ghost of error the Sneak, a novice OpAE of Vehumet (D:5)
  A queen bee (D:9)
  Grinder (D:3)
  Prince Ribbit (D:5)
  A hippogriff (D:9)
  4 wraiths (D:10)
  A steam dragon (D:9)
  2 porcupines (D:9)
  4 ice beasts
  A sky beast (D:6)
  A black bear (D:9)
  A phantom (D:8)
  2 orc warriors
  2 centaurs
  A crocodile (D:9)
  11 bullfrogs
  9 gnoll sergeants
  A water moccasin zombie (D:5)
  2 scorpions
  29 killer bees
  A water moccasin skeleton (D:5)
  2 crimson imps (D:6)
  A jelly (D:7)
  A centaur zombie (D:7)
  10 hounds
  A quasit (D:5)
  Crazy Yiuf (D:3)
  8 orc priests
  6 gnoll shamans (Bailey)
  5 orc wizards
  A centaur skeleton (D:8)
  Natasha (thrice) (D:3)
  2 iguanas
  3 worker ants
  A hound skeleton (D:5)
  A worker ant zombie (D:7)
  Robin (D:3)
  19 gnolls
  A howler monkey skeleton (D:4)
  13 adders
  5 river rats (Sewer)
  4 shadow imps
  An adder zombie (D:5)
  An adder skeleton (D:6)
  2 worms
  6 dart slugs
  9 leopard geckos
  20 orcs
  15 ball pythons
  2 bat zombies (D:6)
  6 giant cockroaches
  9 goblins
  14 hobgoblins
  14 jackals
  3 quokkas
  8 bats
  4 frilled lizards
  10 kobolds
  2 leopard gecko skeletons (D:5)
  A leopard gecko zombie (D:5)
  3 quokka skeletons
  2 quokka zombies
  30 rats
  3 rat zombies (D:6)
333 creatures vanquished.

Vanquished Creatures (collateral kills)
  Josephine (D:10)
  A wraith (D:10)
2 creatures vanquished.

Grand Total: 335 creatures vanquished

Notes
Turn   | Place    | Note
-------+----------+-------------------------------------------
     0 | D:1      | Knicklaso the Hill Orc Monk began the quest for the Orb.
     0 | D:1      | Reached XP level 1. HP: 19/19 MP: 1/1
   483 | D:1      | Reached XP level 2. HP: 26/27 MP: 2/2
   971 | D:1      | Reached XP level 3. HP: 22/34 MP: 3/3
  1169 | D:1      | Reached skill level 5 in Axes
  1761 | D:2      | Reached XP level 4. HP: 30/41 MP: 4/4
  2274 | D:3      | Noticed Robin
  2298 | D:3      | Reached skill level 5 in Fighting
  2306 | D:3      | Killed Robin
  2737 | D:3      | Noticed Grinder
  2744 | D:3      | Paralysed by Grinder for 4 turns
  2752 | D:3      | Paralysed by Grinder for 2 turns
  2997 | D:3      | Found a shadowy altar of Dithmenos.
  3210 | D:3      | Found a faded altar of an unknown god.
  3216 | D:3      | Reached XP level 5. HP: 42/48 MP: 5/5
  3222 | D:3      | Became a worshipper of Qazlal Stormbringer
  3222 | D:3      | Reached * piety under Qazlal
  3222 | D:3      | Reached ** piety under Qazlal
  3238 | D:3      | Noticed Natasha
  3255 | D:3      | Killed Natasha
  3342 | D:3      | Noticed Natasha
  3350 | D:3      | Killed Natasha
  3471 | D:3      | Found a runed door.
  3519 | D:3      | Noticed Natasha
  3522 | D:3      | Killed Natasha
  3630 | D:3      | Noticed Crazy Yiuf
  3638 | D:3      | Killed Crazy Yiuf
  3874 | D:3      | Found a shadowy altar of Dithmenos.
  3896 | D:3      | Found a stormy altar of Qazlal.
  4144 | D:3      | HP: 2/50 [Grinder/nerve-wracking pain (8)]
  4146 | D:3      | Killed Grinder
  4146 | D:3      | Reached XP level 6. HP: 19/58 MP: 6/6
  4251 | D:4      | Reached XP level 7. HP: 45/66 MP: 7/7
  4258 | D:4      | Got a bloodstained leather armour
  4276 | D:4      | Identified the +0 leather armour "Pilyt" {rN+ Slay+2 Stlth-} (You found it on level 4 of the Dungeon)
  4433 | D:4      | Found a glowing drain.
  4437 | Sewer    | Entered a sewer
  4460 | Sewer    | Reached *** piety under Qazlal
  4806 | Sewer    | Reached **** piety under Qazlal
  5521 | D:5      | Entered Level 5 of the Dungeon
  5521 | D:5      | Found a shimmering altar of Xom.
  5548 | D:5      | Found a sacrificial altar of Ru.
  5558 | D:5      | Reached XP level 8. HP: 69/74 MP: 8/8
  5664 | D:5      | Noticed error's ghost (novice OpAE)
  5677 | D:5      | Killed error's ghost
  5823 | D:5      | Reached skill level 10 in Axes
  5959 | D:5      | Found a blossoming altar of Fedhas.
  5982 | D:5      | Noticed an oklob plant
  6097 | D:5      | Noticed Prince Ribbit
  6134 | D:5      | Killed Prince Ribbit
  6326 | D:5      | Found a glowing silver altar of Zin.
  6344 | D:5      | Found a hazy altar of Hepliaklqana.
  6504 | D:6      | Reached skill level 10 in Fighting
  6504 | D:6      | Reached XP level 9. HP: 85/85 MP: 9/9
  6551 | D:6      | Found a snail-covered altar of Cheibriados.
  6558 | D:6      | Reached ***** piety under Qazlal
  6809 | D:6      | Found an ancient bone altar of Kikubaaqudgha.
  7051 | D:6      | Found a hide-covered altar of Uskayaw.
  7051 | D:6      | Found a basalt altar of Yredelemnul.
  7084 | D:6      | Found Qoixog's General Store.
  7177 | D:6      | Found a stormy altar of Qazlal.
  7575 | D:7      | Found a bloodstained altar of Trog.
  7646 | D:7      | Reached XP level 10. HP: 65/97 MP: 10/10
  7792 | D:7      | Found Usoichye's Jewellery Emporium.
  7827 | D:7      | Found a staircase to the Ecumenical Temple.
  8212 | D:8      | Found a flagged portal.
  8225 | D:8      | Got a translucent spear
  8228 | Bailey   | Entered a bailey
  8229 | Bailey   | Identified the +7 spear of Oozing Pus {pain, MR- Str+8 Dex+4} (You found it on level 8 of the Dungeon)
  8843 | Bailey   | Got a heavily runed ring mail
  9049 | D:8      | Identified the cursed +1 ring mail "Maumih" {rElec rF+ rN+} (You took it off a gnoll sergeant in a bailey)
  9172 | D:8      | Reached ****** piety under Qazlal
  9247 | D:8      | Noticed Psyche
  9256 | D:8      | Killed Psyche
  9256 | D:8      | Reached skill level 1 in Armour
  9367 | D:8      | Noticed Gastronok
  9398 | D:8      | Killed Gastronok
  9398 | D:8      | Reached XP level 11. HP: 54/107 MP: 12/16
  9553 | D:8      | Found a radiant altar of Vehumet.
  9865 | D:9      | Found a staircase to the Lair.
 10296 | D:9      | Reached skill level 5 in Armour
 10401 | D:9      | HP: 5/107 [poisoned by a killer bee]
 10402 | D:9      | HP: 1/107 [killer bee (3)]
 10723 | D:10     | Entered Level 10 of the Dungeon
 10731 | D:10     | Noticed Josephine
 10745 | D:10     | Killed Josephine
 10745 | D:10     | Reached skill level 10 in Invocations
 10762 | D:10     | Slain by an orc warrior

Skill      XL: |  1  2  3  4  5  6  7  8  9 10 11 |
---------------+----------------------------------+-----
Fighting       | 4 5 6 7 8 10 11 13 | 13.4
Axes           | 5 7 9 10 12 13 | 13.0
Armour         | 4 5 |  5.9
Invocations    | 7 10 | 10.2
Dodging        | |  2.9
Stealth        | |  1.5

Action                   |  1- 3 |  4- 6 |  7- 9 | 10-12 || total
-------------------------+-------+-------+-------+-------++-------
Melee: Hand axe          |   139 |    34 |       |       ||   173
       Whip              |       |    92 |   490 |   488 ||  1070
Throw: Stone             |     3 |       |       |       ||     3
       Javelin           |       |     5 |       |       ||     5
Invok: Elemental Force   |       |       |       |     1 ||     1
  Use: Potion            |       |     2 |       |     9 ||    11
       Scroll            |       |    10 |       |     6 ||    16
 Stab: Sleeping          |     5 |     1 |       |       ||     6
  Eat: Chunk             |     2 |     7 |    10 |     8 ||    27
       Ration            |       |     1 |       |     1 ||     2
Armor: Robe              |    25 |    21 |       |       ||    46
       Ring mail         |       |     1 |       |       ||     1
       Leather armour    |       |       |   131 |   131 ||   262
Dodge: Dodged            |    85 |    78 |   251 |   229 ||   643
       Deflected         |       |       |     4 |     2 ||     6
Block: Other             |       |     4 |   109 |   197 ||   310
